AoeStats
← Radiator King Cobra

MegaRandom

508490350Analyzed
4v4 RM · 11d ago on Sep 22, 2026· 50m 54s· 8 players
Game mode
Random Map
Map size
Large (8 player)
Population
200
Speed
Normal
Resources
Standard
Victory
Conquest
Starting age
Dark Age
Ending age
Imperial Age
RankedLock teamsTeams togetherTeam positionsShared explorationLock speedFull tech treeHidden civsTurbo modeCheats
Victory
Defeat
🇧🇪 Varangians · Belgium
1019
+17
🇧🇷 Britons · Brazil
1006
+17
🇦🇷 Cumans · Argentina
903
+20
🇫🇷 Huns · France
889
+21
🇬🇧 Malians · United Kingdom
1248
-27
🇬🇧 Persians · United Kingdom
1053
-59
🇬🇧 Bohemians · United Kingdom
954
-16
🇬🇧 Saxons · United Kingdom
852
-16
Skibidi Bop
9:54 Loom
12:10 Feudal Age
16:47 Forging
16:43 Scale Barding Armor
21:18 Castle Age
22:26 Bloodlines
22:16 Husbandry
23:28 Gold Mining
23:21 Horse Collar
23:29 Double-Bit Axe
24:37 Stone Mining
25:02 Bow Saw
24:53 Heavy Plow
25:36 Iron Casting
29:49 Wheelbarrow
29:40 Chain Barding Armor
32:42 Hand Cart
38:16 Imperial Age
40:53 Blast Furnace
40:28 Plate Barding Armor
39:22 Cavalier
40:18 Marauders
39:42 Elite Tarkan
42:25 Paladin
46:13 Capped Ram
47:32 Siege Ram
Wimvdm91
11:29 Feudal Age
12:26 Double-Bit Axe
20:05 Castle Age
18:13 Horse Collar
21:04 Forging
22:02 Squires
22:51 Scale Mail Armor
24:48 Medium Warships
24:26 Fishing Lines
26:30 Arson
27:07 Gold Mining
29:03 Heavy Plow
29:36 Ballistics
30:57 Chain Mail Armor
30:45 Gillnets
38:08 Imperial Age
36:30 Fortified Wall
38:42 Iron Casting
38:52 Elite Varangian Guard
41:04 Wheelbarrow
41:38 Chemistry
41:30 Capped Ram
42:42 Conscription
43:20 Hand Cart
43:58 Plate Mail Armor
44:29 Blast Furnace
45:48 Caravan
46:21 Coinage
46:02 Guilds
47:48 Elite Jarl
47:55 Gothikon
50:27 Fletching
NeverArabia
8:01 Loom
10:56 Feudal Age
17:11 Castle Age
18:40 Fletching
19:02 Fishing Lines
24:09 Double-Bit Axe
25:34 Wheelbarrow
27:13 Bodkin Arrow
27:22 Padded Archer Armor
27:49 Yeomen
28:55 Horse Collar
30:34 Heavy Plow
34:12 Leather Archer Armor
36:31 Imperial Age
34:12 Stone Mining
34:18 Gold Mining
35:54 Hand Cart
35:12 Crossbowman
37:27 Bow Saw
37:45 Bracer
38:30 Conscription
38:57 Ring Archer Armor
39:05 Ballistics
39:46 Chemistry
38:53 Siege Engineers
38:32 Treadmill Crane
39:21 Town Watch
39:24 Elite Longbowman
40:19 Warwolf
40:40 Conscription
39:46 Capped Ram
41:18 Arbalester
43:16 Elite Longbowman
Wolf-Salomon
11:32 Feudal Age
12:56 Wheelbarrow
12:37 Double-Bit Axe
13:55 Fletching
14:23 Loom
14:26 Town Watch
17:32 Forging
19:16 Horse Collar
24:18 Horse Collar
28:50 Castle Age
27:41 Stone Mining
30:59 Scale Mail Armor
31:11 Arson
31:54 Town Patrol
34:15 Hand Cart
35:21 Gold Mining
36:28 Bow Saw
40:38 Heavy Plow
43:11 Imperial Age
41:22 Iron Casting
40:09 Pikeman
43:13 Bodkin Arrow
43:29 Scale Barding Armor
45:22 Caravan
46:53 Gold Shaft Mining
45:54 Halberdier
47:38 Blast Furnace
47:33 Squires
49:42 Chain Mail Armor
50:51 Ballistics
50:48 Masonry
Chadguin
5:57 Loom
12:21 Feudal Age
14:22 Man-at-Arms
16:35 Forging
16:26 Scale Mail Armor
17:12 Arson
26:37 Castle Age
24:36 Horse Collar
24:44 Double-Bit Axe
29:21 Pikeman
35:50 Wheelbarrow
37:57 Long Swordsman
41:39 Chain Mail Armor
45:12 Hand Cart
45:00 Squires
45:53 Iron Casting
kinglourious
11:29 Feudal Age
9:46 Loom
12:30 Horse Collar
12:38 Double-Bit Axe
16:09 Wheelbarrow
17:50 Bloodlines
21:53 Scale Mail Armor
21:47 Fletching
22:53 Scale Barding Armor
23:59 Padded Archer Armor
25:48 Forging
29:38 Castle Age
28:46 Gold Mining
28:47 Stone Mining
32:13 Husbandry
33:11 Elite Skirmisher
39:10 Hand Cart
41:11 Bow Saw
41:28 Heavy Plow
42:13 Heavy Plow
mattwho
5:36 Loom
12:38 Feudal Age
15:24 Double-Bit Axe
18:13 Castle Age
23:36 Scale Mail Armor
23:48 Forging
24:11 Bow Saw
24:31 Gambesons
27:17 Chain Mail Armor
40:56 Iron Casting
Radiator King Cobra
8:42 Loom
12:16 Feudal Age
18:11 Castle Age
16:53 Double-Bit Axe
16:56 Horse Collar
21:52 Pikeman
30:47 Elite Skirmisher
41:35 Imperial Age
41:55 Halberdier
Connection lost

Rejoining the realm…

Still unreachable

The connection could not be restored.

Session expired

The server has moved on; the page needs a fresh start.